 Dungeon Crawl Stone Soup version 0.28-a0-1339-ga5422284a4 (webtiles) character file.

Game seed: 671958632554521875

102349 backslashecho the Severer (level 16, -2/97 HPs)
             Began as a Gargoyle Berserker on Dec 27, 2021.
             Was the Champion of Trog.
             Slain by a redback (9 damage)
             ... on level 2 of the Spider Nest on Dec 29, 2021.
             The game lasted 01:32:23 (32861 turns).

backslashecho the Severer (Gargoyle Berserker)     Turns: 32861, Time: 01:32:24

Health: -2/97      AC: 28    Str: 28 (29) XL:     16   Next: 33%
Magic:  16/16      EV: 15    Int:  6 (8)  God:    Trog [******]
Gold:   437        SH: 18    Dex:  9      Spells: 15/15 levels left

rFire   + . .      SeeInvis +   a - +6 broad axe of Ikakh {vorpal, rElec rF+}
rCold   . . .      Faith    +   c - +0 tower shield
rNeg    + . .      Spirit   .   V - +1 robe of Vines {NoPotionHeal Regen++++}
rPois   ∞          Reflect  .   s - +1 helmet
rElec   +          Harm     .   j - +2 cloak
rCorr   .          Rampage  .   D - +3 pair of gauntlets of War {Slay+5}
Will    +....                   T - +0 pair of boots
Stlth   +.........              u - amulet of faith
HPRegen 3.46/turn               J - +4 ring of evasion
MPRegen 0.15/turn               X - ring of see invisible

@: about to teleport, flying
A: sickness immunity, AC +12, big wings, negative energy resistance 1,
electricity resistance, torment resistance 1, petrification resistance
a: Renounce Religion, Berserk, Trog's Hand, Brothers in Arms


You were on level 2 of the Spider Nest.
You worshipped Trog.
Trog was exalted by your worship.
You visited 4 branches of the dungeon, and saw 20 of its levels.
You also visited: Sewer, Gauntlet and Ice Cave.

You collected 2403 gold pieces.
You spent 1966 gold pieces at shops.

Inventory:

Hand Weapons
 a - the +6 broad axe of Ikakh (weapon) {vorpal, rElec rF+}
   (You acquired it on level 10 of the Dungeon)

   It inflicts extra damage upon your enemies.
   rF:        It protects you from fire.
   rElec:     It insulates you from electricity.
 b - a +2 war axe of flaming
 U - a +8 broad axe
Missiles
 r - a throwing net
 I - 9 javelins (quivered)
 S - 7 curare-tipped darts
Armour
 c - a +0 tower shield (worn)
 j - a +2 cloak (worn)
 s - a +1 helmet (worn)
 D - the +3 pair of gauntlets of War (worn) {Slay+5}
   (You bought it in a shop on level 2 of the Orcish Mines)

   Slay:      It affects your accuracy & damage with ranged weapons and melee
   (+5).
 R - a +2 plate armour of willpower
 T - a +0 pair of boots (worn)
 V - the +1 robe of Vines (worn) {NoPotionHeal Regen++++}
   (You found it on level 6 of the Lair of Beasts)

   Its wearer cannot be healed by potions.
   Regen:     It increases your rate of health regeneration.
 W - +1 fire dragon scales
Jewellery
 d - the ring "Jikenkou" {Ice *Slow rN++}
   (You found it on level 2 of the Spider Nest)

   [ring of ice]

   It enhances your ice magic.
   rF:        It makes you vulnerable to fire.
   rC:        It protects you from cold.
   rN:        It greatly protects you from negative energy.
   *Slow:     It may slow you when you take damage.
 u - an amulet of faith (around neck)
 J - a +4 ring of evasion (left hand)
 K - a ring of positive energy
 Q - a +4 ring of protection
 X - a ring of see invisible (right hand)
Wands
 f - a wand of flame (38)
 t - a wand of charming (14)
 M - a wand of acid (10)
 P - a wand of iceblast (1)
Scrolls
 h - 4 scrolls of teleportation
 i - 4 scrolls of vulnerability
 l - 2 scrolls of holy word
 n - 2 scrolls of silence
 o - 3 scrolls of fear
 v - 3 scrolls of fog
 y - 4 scrolls of enchant weapon
 z - a scroll of magic mapping
 B - 2 scrolls of blinking
 C - 4 scrolls of enchant armour
 F - 3 scrolls of identify
Potions
 e - a potion of might
 g - 3 potions of invisibility
 k - 2 potions of haste
 m - 2 potions of mutation
 p - 7 potions of curing
 q - a potion of resistance
 w - 3 potions of cancellation
 x - 3 potions of ambrosia
 A - a potion of magic
 E - 3 potions of heal wounds
Miscellaneous
 N - a condenser vane (inert)


   Skills:
 - Level 10.0 Fighting
 - Level 18.0 Axes
 - Level 12.0 Armour
 + Level 6.1 Dodging
 + Level 16.4 Shields
 - Level 1.0 Unarmed Combat


You had 15 spell levels left.
You didn't know any spells.
Your spell library was empty.

Dungeon Overview and Level Annotations

Branches:
Dungeon (10/15)            Temple (0/1) D:6            Lair (6/6) D:10
 Shoals (0/4) Lair:2       Spider (2/4) Lair:3        Slime (0/5) Lair:6
    Orc (2/2) D:9             Elf (0/3) Orc:2         Sewer (visited)
  IceCv (visited)         Gauntlet (visited)

Altars:
Ashenzari
Dithmenos
Gozag
Hepliaklqana
Makhleb
Nemelex Xobeh
Sif Muna
Trog
Wu Jian
Xom
The Shining One
Beogh
Jiyva

Shops:
D:7 ?*   D:8 !   D:10 [   Orc:2 *:[?*

Annotations:
D:7 3 runed translucent doors, exclusion: door, ThrustWizard's ghost, novice DsGl
Lair:6 1 runed translucent door


Innate Abilities, Weirdness & Mutations

You are immune to sickness and miasma.
Your stone body is resilient. (AC +12)
You are immune to poison.
Your large and strong wings let you fly.
You resist negative energy. (rN+)
You are resistant to electric shocks. (rElec)
You are resistant to unholy torment.
You are immune to petrification.


Message History

You feel strangely unstable. The meliai closely misses you.
The meliai barely misses you.
The meliai mumbles some strange prayers to its god against you.
Something smites you!
* * * LOW HITPOINT WARNING * * *
The demonic crawler shrieks in warning!
The meliai hits you but does no damage. The meliai closely misses you.
The culicivora bites you!
* * * LOW HITPOINT WARNING * * *
You hear an angry hiss. x8
You take 17 damage, and have 1/97 hp.
You block the meliai's attack. x3
The meliai stings you but does no damage.
You regained 3 hp, and now have 4/97 hp.
Your surroundings suddenly seem different. 2 tarantellas, 3 redbacks and a culicivora come into view.
You regained 4 hp, and now have 8/97 hp.
Unknown command.
You regained 3 hp, and now have 11/97 hp.
You regained 4 hp, and now have 15/97 hp.
You are too injured to fight recklessly!
You regained 3 hp, and now have 18/97 hp.
You hit the redback.
The redback is moderately wounded.
You slash the tarantella! You miss the tarantella.
You block the tarantella's attack.
The tarantella touches you but does no damage.
The redback bites you.
* * * LOW HITPOINT WARNING * * *
You take 2 damage, and have 16/97 hp.
Unknown command.
As you read the scroll of teleportation, it crumbles to dust.
You feel strangely unstable.
The tarantella touches you but does no damage.
The tarantella barely misses you. You block the redback's attack.
The meliai calls down the wrath of its god upon you.
Something smites you!
* * * LOW HITPOINT WARNING * * *
You block the tarantella's attack. The redback bites you!
You die...

## ##################
..##......@sss.......
.........ysss........
.....[...........#..
..#....#.......#...
#...y#..#s.........
#######y......#.....#....
#.##>....^..##...........
#...........##.........#.
##......y..y............


You could see 2 culicivoras, 2 tarantellas, 3 redbacks and 3 meliai.

Vanquished Creatures
  2 ghost moths (Spider:1)
  An emperor scorpion (Spider:1)
  A reaper (IceCv)
  Nessos (Lair:5)
  A broodmother (Spider:2)
  A minotaur (Gauntlet)
  A spark wasp (Spider:2)
  A dire elephant (Lair:6)
  2 entropy weavers (Spider:2)
  Josephine (Orc:2)
  3 boulder beetles
  12 hydras
  2 two-headed ogres (D:10)
  16 death yaks
  A soul eater (Gauntlet)
  A fire crab (Gauntlet)
  4 deep trolls (D:9)
  A steelbarb worm (Spider:1)
  4 orb spiders
  4 lindwurms
  7 wolf spiders
  An oklob plant (Lair:6)
  7 orc sorcerers
  2 moths of wrath
  14 elephants
  A merfolk siren (Lair:2)
  2 torpor snails
  17 cane toads
  8 black mambas
  2 ice statues (IceCv)
  10 rime drakes
  An unseen horror (D:10)
  An entropy weaver simulacrum (IceCv)
  6 ice devils (IceCv)
  5 komodo dragons
  5 demonic crawlers
  3 anaconda simulacra (IceCv)
  A troll (Orc:1)
  5 meliai
  Grinder (D:6)
  13 tarantellas
  6 hornets
  37 blink frogs
  3 dream sheep (Lair:6)
  13 jumping spiders
  5 culicivoras
  3 wraiths (Orc:2)
  4 wyverns
  3 dire elephant simulacra (IceCv)
  33 yaks
  6 fire bats (Gauntlet)
  15 redbacks
  4 basilisks
  2 vampire mosquitoes (D:9)
  8 wargs
  3 harpy simulacra (IceCv)
  14 water moccasins
  13 orc warriors
  A hell hound (Gauntlet)
  A hornet zombie (D:9)
  3 black bears
  2 necrophages
  26 wolves
  7 ogres
  A centaur (D:10)
  The ghost of Sabo the Chiller, an amateur DsIE of Qazlal (D:3)
  A phantom (D:5)
  Blork the orc (D:4)
  9 bullfrogs
  2 cane toad simulacra (IceCv)
  2 water moccasin zombies (D:5)
  A wyvern skeleton (D:3)
  A water moccasin skeleton (D:6)
  6 killer bees
  A howler monkey (D:6)
  4 electric eels
  3 centaur zombies
  3 jellies
  A hound (D:7)
  A bullfrog skeleton (D:7)
  A bullfrog zombie (D:3)
  11 orc priests
  An iron imp (D:5)
  A centaur skeleton (D:6)
  2 iguanas (D:5)
  Ijyb (D:4)
  Jessica (D:2)
  Natasha (thrice) (D:2)
  30 orc wizards
  Terence (D:2)
  12 hell rats
  A spriggan simulacrum (IceCv)
  A troll simulacrum (IceCv)
  A killer bee zombie (D:6)
  A hound skeleton (D:5)
  6 adders
  12 gnolls
  2 river rats (Sewer)
  3 shadow imps (Gauntlet)
  2 white imps
  2 worms
  A dart slug (D:3)
  56 orcs
  11 ball pythons
  7 endoplasms
  5 giant cockroaches
  14 goblins
  10 hobgoblins
  12 jackals
  2 quokkas
  4 bats
  6 frilled lizards
  7 kobolds
  8 rats
660 creatures vanquished.

Vanquished Creatures (collateral kills)
  2 hydras
  A wolf spider (Spider:1)
  A meliai (Spider:2)
  A tarantella (Spider:1)
  2 redbacks (Spider:2)
7 creatures vanquished.

Vanquished Creatures (others)
  Sonja (Lair:4)
  2 jumping spiders (Spider:1)
  A culicivora (Spider:2)
  47 fungi
  128 plants
179 creatures vanquished.

Grand Total: 846 creatures vanquished

Notes
Turn   | Place    | Note
-------+----------+-------------------------------------------
     0 | D:1      | backslashecho the Gargoyle Berserker began the quest for
                  | the Orb.
     0 | D:1      | Reached XP level 1. HP: 14/14 MP: 1/1
   272 | D:1      | Reached XP level 2. HP: 19/19 MP: 2/2
   583 | D:1      | Reached skill level 3 in Axes
   608 | D:1      | Found a faded altar of an unknown god.
  1282 | D:2      | Noticed Jessica
  1464 | D:2      | Reached XP level 3. HP: 12/23 MP: 3/3
  1558 | D:1      | Reached skill level 1 in Unarmed Combat
  1836 | D:2      | Reached XP level 4. HP: 23/29 MP: 4/4
  2171 | D:2      | Killed Jessica
  2749 | D:2      | Reached skill level 1 in Shields
  2749 | D:2      | Reached XP level 5. HP: 17/33 MP: 5/5
  2965 | D:2      | Noticed Natasha
  2980 | D:2      | Killed Natasha
  3225 | D:2      | Noticed Natasha
  3245 | D:2      | Killed Natasha
  3246 | D:2      | Reached skill level 4 in Axes
  3298 | D:2      | Noticed Natasha
  3310 | D:2      | Killed Natasha
  3597 | D:2      | Reached XP level 6. HP: 21/39 MP: 6/6
  3813 | D:2      | Reached ** piety under Trog
  4088 | D:2      | Noticed Terence
  4097 | D:2      | Killed Terence
  4437 | D:3      | Found a sparkling altar of Nemelex Xobeh.
  4494 | D:3      | Found a transporter.
  4560 | D:3      | Found an ornate altar of the Wu Jian Council.
  4834 | D:3      | Found a shadowy altar of Dithmenos.
  4925 | D:3      | Found a transporter.
  4926 | D:3      | Noticed Sabo's ghost (amateur DsIE)
  4951 | D:3      | Killed Sabo's ghost
  4965 | D:3      | Reached skill level 5 in Axes
  4970 | D:3      | Reached XP level 7. HP: 12/44 MP: 7/7
  5334 | D:3      | Found a shimmering blue altar of Sif Muna.
  5334 | D:3      | Found a hazy altar of Hepliaklqana.
  5425 | D:4      | Noticed Blork the orc
  5493 | D:4      | Reached skill level 5 in Fighting
  5579 | D:4      | Found an opulent altar of Gozag.
  5828 | D:4      | Found a glowing golden altar of the Shining One.
  5879 | D:4      | Killed Blork the orc
  6003 | D:4      | Noticed Ijyb
  6016 | D:4      | Killed Ijyb
  6484 | D:5      | Entered Level 5 of the Dungeon
  6596 | D:5      | Found a glowing drain.
  6625 | Sewer    | Entered a sewer
  6924 | Sewer    | Reached *** piety under Trog
  7547 | D:5      | Reached skill level 6 in Axes
  7547 | D:5      | Reached XP level 8. HP: 43/51 MP: 8/8
  8314 | D:5      | Found a burning altar of Makhleb.
  8596 | D:6      | Found a staircase to the Ecumenical Temple.
  8613 | D:6      | Noticed Grinder
  8627 | D:6      | Reached skill level 7 in Axes
  8627 | D:6      | Reached skill level 5 in Shields
  8664 | D:5      | HP: 2/52 [iguana (11)]
  8951 | D:6      | Paralysed by Grinder for 2 turns
  8954 | D:6      | Killed Grinder
  8955 | D:6      | Reached XP level 9. HP: 45/56 MP: 9/9
  9703 | D:7      | Reached skill level 8 in Axes
  9705 | D:7      | Found Pomouk's CLEARANCE SALE!.
 10063 | D:7      | Found Gusobbo's Magic Scroll Boutique.
 10077 | D:7      | Bought a scroll of blinking for 90 gold pieces
 10391 | D:7      | Found a runed translucent gate.
 10391 | D:7      | Found a runed translucent gate.
 10393 | D:7      | Noticed a kobold demonologist
 10393 | D:7      | Found a runed translucent gate.
 10393 | D:7      | Noticed ThrustWizard's ghost (novice DsGl)
 11614 | D:8      | HP: 1/59 [orc priest/divine providence (13)]
 12035 | D:8      | Found Qece's Distillery.
 12043 | D:8      | Bought a potion of haste for 130 gold pieces
 12043 | D:8      | Bought a potion of curing for 39 gold pieces
 12043 | D:8      | Bought a potion of heal wounds for 65 gold pieces
 12726 | D:9      | Found a broken altar of Ashenzari.
 12774 | D:9      | Reached skill level 9 in Axes
 12781 | D:9      | Reached XP level 10. HP: 64/64 MP: 10/10
 13103 | D:9      | Found a staircase to the Orcish Mines.
 13118 | D:9      | Identified the +0 pair of boots of Hedge Wizardry {Harm
                  | Will+ Str+2 Int-4}
 13300 | D:9      | Noticed a deep troll
 13302 | D:9      | Noticed a deep troll
 13303 | D:9      | Noticed a deep troll
 13777 | D:9      | Noticed a deep troll
 13865 | D:9      | Killed a deep troll
 13866 | D:9      | Reached skill level 10 in Axes
 13994 | D:9      | Killed a deep troll
 13995 | D:9      | Reached skill level 5 in Armour
 14078 | D:9      | Found the necklace of Bloodlust {*Rage Will++ Int-3 Slay+6}
 14271 | D:9      | Killed a deep troll
 14358 | D:9      | Killed a deep troll
 14359 | D:9      | Reached XP level 11. HP: 68/68 MP: 11/11
 14466 | D:9      | Reached skill level 11 in Axes
 14571 | D:10     | Entered Level 10 of the Dungeon
 14844 | D:10     | Found Qunlash's Antique Armour Shoppe.
 14886 | D:10     | Found a staircase to the Lair.
 15582 | D:10     | Noticed a two-headed ogre
 15610 | D:10     | Killed a two-headed ogre
 15772 | D:10     | Found a bloodstained altar of Trog.
 15825 | D:10     | Noticed a two-headed ogre
 16146 | D:10     | Found a shimmering altar of Xom.
 16314 | D:10     | Killed a two-headed ogre
 16339 | D:10     | Identified a scroll of acquirement
 16341 | D:10     | Acquired the +6 broad axe of Ikakh {vorpal, rElec rF+}
 16362 | D:10     | Bought a glowing cloak for 217 gold pieces
 16383 | Lair:1   | Entered Level 1 of the Lair of Beasts
 16672 | Lair:1   | Noticed a six-headed hydra
 16682 | Lair:1   | Killed a six-headed hydra
 16683 | Lair:1   | Reached skill level 12 in Axes
 17601 | Lair:1   | Reached skill level 10 in Shields
 17766 | Lair:2   | Reached XP level 12. HP: 73/73 MP: 12/12
 17833 | Lair:2   | Found a staircase to the Shoals.
 18229 | Lair:2   | Noticed a boulder beetle
 18251 | Lair:2   | Killed a boulder beetle
 18251 | Lair:2   | Reached **** piety under Trog
 18252 | Lair:2   | Reached skill level 13 in Axes
 18333 | Lair:2   | Noticed a five-headed hydra
 18380 | Lair:2   | Killed a five-headed hydra
 18770 | Lair:3   | Noticed a seven-headed hydra
 18778 | Lair:3   | Killed a seven-headed hydra
 19928 | Lair:3   | Found a hole to the Spider Nest.
 20113 | Lair:3   | Reached skill level 14 in Axes
 20126 | Lair:3   | Reached XP level 13. HP: 61/78 MP: 13/13
 20326 | Lair:3   | Reached skill level 10 in Armour
 20333 | Lair:3   | Reached ***** piety under Trog
 20481 | Lair:3   | Received a gift from Trog
 22065 | Lair:4   | Noticed Sonja
 22073 | Lair:4   | Reached skill level 15 in Axes
 22076 | Lair:4   | Your ally Sonja died
 23414 | Lair:5   | Found a frozen archway.
 23541 | IceCv    | Entered an ice cave
 23548 | IceCv    | Gained mutation: Your large and strong wings let you fly.
                  | [Gargoyle growth]
 23548 | IceCv    | Reached XP level 14. HP: 78/84 MP: 14/14
 24542 | IceCv    | Noticed a reaper
 24547 | IceCv    | Killed a reaper
 24675 | Lair:5   | Received a gift from Trog
 24808 | Lair:5   | Reached skill level 16 in Axes
 25041 | Lair:5   | Noticed Nessos
 25089 | Lair:5   | Killed Nessos
 26048 | Lair:6   | Entered Level 6 of the Lair of Beasts
 26549 | Lair:6   | Found a runed translucent door.
 26550 | Lair:6   | Found a viscous altar of Jiyva.
 26550 | Lair:6   | Noticed an azure jelly
 26552 | Lair:6   | Noticed an azure jelly
 26553 | Lair:6   | Found a staircase to the Slime Pits.
 26785 | Lair:6   | Reached skill level 17 in Axes
 26925 | Lair:6   | Found the +1 robe of Vines {NoPotionHeal Regen++++}
 27025 | Lair:6   | Received a gift from Trog
 27352 | Lair:6   | Reached XP level 15. HP: 88/88 MP: 15/15
 28274 | Lair:6   | Found the +8 demon trident "Rift" {distort, reach+}
 29002 | Orc:1    | Entered Level 1 of the Orcish Mines
 29314 | Orc:2    | Entered Level 2 of the Orcish Mines
 29380 | Orc:2    | Found a staircase to the Elven Halls.
 29447 | Orc:2    | Identified the +7 broad axe "Grim" {vorpal, *Corrode rElec
                  | Str+10 Int-2} (Trog gifted it to you on level 2 of the
                  | Orcish Mines)
 29447 | Orc:2    | Received a gift from Trog
 29475 | Orc:2    | Found a gate leading to a gauntlet.
 29479 | Orc:2    | Noticed Josephine
 29496 | Orc:2    | Killed Josephine
 29510 | Gauntlet | Entered a Gauntlet
 29510 | Gauntlet | Found a transporter.
 29510 | Gauntlet | Found a transporter.
 29523 | Gauntlet | Found a transporter.
 29539 | Gauntlet | Found a transporter.
 29542 | Gauntlet | Found a transporter.
 29545 | Gauntlet | Found a transporter.
 29545 | Gauntlet | Found a transporter.
 29546 | Gauntlet | Found a transporter.
 29557 | Gauntlet | Found a transporter.
 29575 | Gauntlet | Found a transporter.
 29585 | Gauntlet | Found a transporter.
 29601 | Gauntlet | Found a transporter.
 29621 | Gauntlet | Found a transporter.
 29634 | Gauntlet | Found a transporter.
 29736 | Gauntlet | Reached skill level 15 in Shields
 29786 | Gauntlet | Reached skill level 18 in Axes
 29803 | Gauntlet | Identified the ring of Light {rElec rPois rC- rN+ SInv}
 29896 | Gauntlet | Identified the ring "Bucecob" {Fire Fly Str-5 Dex+8 Slay-6}
 29927 | Gauntlet | Identified the +8 falchion of Due Proportion {freeze, Str+3
                  | Int+4 SInv}
 30065 | Orc:2    | Found Ycuir's General Store.
 30219 | Orc:2    | Found Zogoijurph's Antique Armour Boutique.
 30238 | Orc:2    | Found Citotha's Book Shoppe.
 30245 | Orc:2    | Paralysed by an orc sorcerer for 6 turns
 30427 | Orc:2    | Found Ykuovierch's Magic Scroll Shoppe.
 30436 | Orc:2    | Received a gift from Trog
 30458 | Orc:2    | Found Iskian's Assorted Antiques.
 30512 | Orc:2    | Bought the +3 pair of gauntlets of War {Slay+5} for 1425
                  | gold pieces
 30512 | Orc:2    | Found the +3 pair of gauntlets of War {Slay+5}
 31067 | D:9      | Upgraded the game from 0.28-a0-1312-g71652a0310 to
                  | 0.28-a0-1339-ga5422284a4
 31174 | Spider:1 | Entered Level 1 of the Spider Nest
 31222 | Spider:1 | Noticed an emperor scorpion
 31237 | Spider:1 | Killed an emperor scorpion
 31257 | Spider:1 | Killed a ghost moth
 31476 | Spider:1 | Noticed a ghost moth
 31480 | Spider:1 | Killed a ghost moth
 31517 | Spider:1 | HP: 3/90 [disintegration (52)]
 31518 | Spider:1 | Received a gift from Trog
 31656 | Spider:1 | Reached ****** piety under Trog
 31883 | Spider:2 | Reached XP level 16. HP: 85/96 MP: 16/16
 31892 | Spider:2 | HP: 2/96 [redback (7)]
 31895 | Spider:2 | Reached skill level 5 in Dodging
 32155 | Spider:2 | Reached skill level 10 in Fighting
 32508 | Spider:2 | Identified the ring "Jikenkou" {Ice *Slow rN++}
 32541 | Spider:2 | Received a gift from Trog
 32854 | Spider:2 | HP: 1/97 [culicivora (8)]
 32861 | Spider:2 | Slain by a redback

Illustrated notes

Levels and vault maps discovered:
D:1:      matt_arrival_spirals, layout_basic, serial_corexii_hall,
          chequers_hall_statues_wall_a, corexii_hall_statues_x,
          corexii_hall_statues_l, ebering_ecumenical_altar_rust, minmay_domino_4
D:2:      layout_basic, uniq_natasha, uniq_jessica, uniq_terence
D:3:      layout_rooms, mainiacjoe_overflow_small_starburst,
          nemelex_diamond_rough_becter, nicolae_overflow_crystal_walls,
          amethyst_overflow_temple_binary, gammafunk_ghost_mausoleum
D:4:      layout_basic, nicolae_tso_swordbearing_angel,
          nicolae_gozag_seed_capital, uniq_blork_the_orc, uniq_ijyb
D:5:      layout_cave_pools, makhleb_grotto_becter, gup_sewer_entry_glass
D:6:      layout_rooms, minmay_temple_entry_arrows, minmay_ogre_servants,
          uniq_grinder
D:7:      layout_loops_corners, serial_shops, shop,
          gammafunk_ghost_nasty_kobolds, nicolae_shop_clearance
D:8:      layout_layer_cave, serial_shops, nicolae_square_shop
D:9:      layout_small_grid, ashenzari_altar_1, orc_0_dummy, grunt_ministairs_7,
          hellmonk_guarded_unrand_vitality_bloodlust
D:10:     layout_gridville, mainiacjoe_overflow_catch_the_wave,
          david_lair_generic, serial_shops, nicolae_shop_waterfront
Lair:1:   layout_small_grid, serial_bayou_pond_d
Lair:2:   layout_regular_city, minmay_shoals_entry_lonely_mermaid,
          infiniplex_staircase_pool, lemuel_fruit_tree
Lair:3:   cheibrodos_lair_overgrown_chateau, layout_cellular_growth,
          spider_nest_entry_webs, grunt_megastairs_4
Lair:4:   layout_cellular_growth, uniq_sonja
Lair:5:   layout_loops_ring, portal_ice_cave_rime, grunt_megastairs_5,
          uniq_nessos
Lair:6:   hangedman_lair_in_review, layout_gridlike, slime_altar_2,
          hellmonk_guarded_unrand_vines
Spider:1: layout_spider_delve
Spider:2: cheibrodos_spider_deadly_dance, hangedman_spider_tarantella_strand
Orc:1:    nicolae_orc_accident_1, layout_caves, minmay_orc_temple_b
Orc:2:    st_orc_town, layout_caves, serial_shops, shop, gauntlet_entry_generic,
          uniq_josephine

Skill      XL: |  1  2  3  4  5  6  7  8  9 10 11 12 13 14 15 16 |
---------------+-------------------------------------------------+-----
Axes           | 3 4 5 6 7 9 10 12 14 15 17 18 | 18.0
Unarmed Combat | 1 |  1.0
Dodging        | 2 4 6 |  6.1
Armour         | 3 5 8 9 11 12 | 12.0
Fighting       | 4 5 6 8 9 10 | 10.0
Shields        | 1 3 5 7 8 10 11 12 14 15 16 | 16.4

Action                   |  1- 3 |  4- 6 |  7- 9 | 10-12 | 13-15 | 16-18 || total
-------------------------+-------+-------+-------+-------+-------+-------++-------
Melee: Hand axe          |    78 |   220 |   353 |       |       |       ||   651
       Punch             |       |     1 |     1 |     1 |     2 |       ||     5
       War axe           |       |       |    51 |   209 |       |       ||   260
       Broad axe         |       |       |       |   220 |  1076 |   124 ||  1420
       Flail             |       |       |       |    14 |    60 |       ||    74
Throw: Dart              |       |    12 |     9 |    11 |     5 |     2 ||    39
       Throwing net      |       |     1 |       |     3 |     1 |       ||     5
       Javelin           |       |       |       |       |     1 |       ||     1
Invok: Berserk           |     3 |     5 |    12 |     8 |    19 |       ||    47
       Trog's Hand       |       |     1 |     4 |     2 |     3 |       ||    10
       Brothers in Arms  |       |       |       |       |     1 |       ||     1
Evoke: Wand              |       |       |     1 |    16 |    14 |     3 ||    34
       Condenser vane    |       |       |       |       |       |     1 ||     1
  Use: Scroll            |     3 |       |     9 |    13 |     7 |     6 ||    38
       Potion            |       |     2 |     2 |       |       |       ||     4
 Stab: Sleeping          |     1 |       |       |       |       |       ||     1
       Held in net/web   |       |     1 |       |       |       |       ||     1
       Paralysed         |       |       |       |     8 |       |       ||     8
Armor: Animal skin       |    19 |    31 |       |       |       |       ||    50
       Scale mail        |       |    35 |    10 |       |       |       ||    45
       Ring mail         |       |     1 |       |       |       |       ||     1
       Chain mail        |       |       |   102 |       |       |       ||   102
       Plate armour      |       |       |   216 |   383 |   529 |       ||  1128
       Robe              |       |       |       |       |   165 |    81 ||   246
       Fire dragon scale |       |       |       |       |    17 |       ||    17
Dodge: Dodged            |    48 |   109 |   187 |   332 |   562 |   116 ||  1354
Block: Tower shield      |       |       |       |       |   349 |   162 ||   511

Table legend: (Time is in decaauts)
 A = Elapsed time spent in this place.
 B = Non-inter-level travel time spent in this place.
 C = Inter-level travel time spent in this place.
 D = Time resting spent in this place.
 E = Time spent auto-exploring this place.
 F = Levels seen in this place.
 G = Mean time per level.
                   A        B        C        D        E       F      G
               +--------+--------+--------+--------+--------+-----+--------+
         Total |  33337 |  30328 |   3009 |   9250 |  13697 |  23 | 1449.4 |
       Dungeon |  16165 |  15027 |   1138 |   5164 |   6741 |  10 | 1616.5 |
          Lair |  11562 |   9902 |   1660 |   3058 |   4661 |   6 | 1927.0 |
   Spider Nest |   1639 |   1570 |     69 |    298 |    646 |   2 |  819.5 |
  Orcish Mines |   1553 |   1412 |    141 |     13 |    889 |   2 |  776.5 |
         Sewer |    804 |    804 |      0 |      6 |    561 |   1 |  804.0 |
      Ice Cave |   1116 |   1116 |      0 |    709 |     70 |   1 | 1116.0 |
      Gauntlet |    497 |    497 |      0 |      0 |    128 |   1 |  497.0 |
               +--------+--------+--------+--------+--------+-----+--------+

Top non-repeatable levels by time:
  Lair:3: 3165 daAuts
     D:2: 2387 daAuts
  Lair:6: 2321 daAuts
     D:9: 2135 daAuts
     D:1: 2006 daAuts
     D:7: 1819 daAuts
  Lair:5: 1795 daAuts
     D:8: 1683 daAuts
     D:4: 1670 daAuts
    D:10: 1539 daAuts
  Lair:2: 1469 daAuts
  Lair:1: 1408 daAuts
  Lair:4: 1402 daAuts
     D:3: 1217 daAuts
   IceCv: 1116 daAuts
